 Dungeon Crawl Stone Soup version 0.31.0-9-g3a7656b989 (webtiles) character file.

Game seed: 2803591245323231941

679 Kenran the Ruffian (level 7, -3/65 (70) HPs)
             Began as an Oni Shapeshifter on Jan 31, 2024.
             Slain by a wight
             ... wielding a +0 halberd
              (13 damage)
             ... on level 5 of the Dungeon.
             The game lasted 00:05:37 (4105 turns).

Kenran the Ruffian (Oni Shapeshifter)               Turns: 4105, Time: 00:05:37

HP:   -3/65 (70)    AC:  3    Str: 21    XL:     7   Next: 60%
MP:   7/7           EV:  9    Int: 11    God:
Gold: 233           SH:  0    Dex:  8    Spells: 6/6 levels left

rFire   . .          .
                       - Unarmed
rCold   . . .        (no shield)
rNeg    . . .        a - +0 animal skin
rPois   .            (helmet currently unavailable)
rElec   .            (cloak currently unavailable)
rCorr   .            (gloves unavailable)
SInv    .            (boots unavailable)
Will    .....        (no amulet)
Stlth   +            (no ring)
HPRegen 0.30/turn    (no ring)
MPRegen 0.10/turn

%: no passive effects
@: beast-form, drained
A: beast (slay +1), large, unfitting armour, horns 1, tough skin 1, double
potion healing, drunken brawling
a: Begin Untransformation


You were on level 5 of the Dungeon.
You were a hulking beast.
You visited 1 branch of the dungeon, and saw 5 of its levels.

You collected 233 gold pieces.

Inventory:

Armour
 a - a +0 animal skin (worn)
Talismans
 c - a beast talisman
 d - a flux talisman
Wands
 q - a wand of roots (9)
 t - a wand of flame (6)
Scrolls
 e - 3 scrolls of enchant weapon
 g - a scroll of fear
 h - a scroll of immolation {unknown}
 l - 2 scrolls of teleportation {unknown}
 m - 2 scrolls of summoning
 r - a scroll of enchant armour {unknown}
 s - a scroll of noise {unknown}
 u - a scroll of silence {unknown}
 w - a scroll of vulnerability {unknown}
Potions
 b - a potion of lignification {!q}
 f - 4 potions of curing {@q1}
 i - a potion of heal wounds {unknown}
 j - a potion of magic {unknown}
 k - a potion of attraction {unknown}
 n - 3 potions of berserk rage {unknown}
 o - a potion of invisibility {unknown}
 p - a potion of mutation {unknown}
 v - a potion of ambrosia {unknown}


   Skills:
 - Level 4.0 Fighting
 - Level 2.0 Dodging
 + Level 7.3 Unarmed Combat
 - Level 3.0 Shapeshifting


You had 6 spell levels left.
You didn't know any spells.
Your spell library was empty.

Dungeon Overview and Level Annotations

Branches:
Dungeon (5/15)
 Temple: D:4-7

Altars:
Cheibriados
Elyvilon
Nemelex Xobeh
Ru
Sif Muna
Trog
Yredelemnul
Zin


Innate Abilities, Weirdness & Mutations

You are a hulking beast.
Your limbs bulge with bestial killing power. (Slay +1)
You are too large for most types of armour.
You have a pair of small horns on your head.
You have tough skin. (AC +1)
You gain doubled healing and magic from potions.
Whenever you drink a healing potion, you attack all around you.


Message History

You are poisoned.
The adder poisons you!
You climb upwards.
You feel sick.
There is a stone staircase leading down here.
You are too injured to fight recklessly!
You are too injured to fight recklessly!
You are too injured to fight recklessly!
You punch the adder!
You kill the adder!
You feel sick. The hound bites you but does no damage.
You feel sick.
You are no longer poisoned.
The hound completely misses you.
You see here an adder corpse.
You closely miss the hound. Your punch misses the hound. The hound bites you.
You punch the hound! Your punch misses the hound.
The hound is almost dead.
The hound bites you but does no damage. x2
You barely miss the hound.
The hound is almost dead.
The hound closely misses you.
You closely miss the hound. Your punch misses the hound.
The hound is almost dead.
The hound bites you.
You punch the hound!
You kill the hound!
There is a stone staircase leading down here.
You start resting.
HP restored.
You climb downwards.
The sleepcap releases spores at you.
The wight hits you from afar with a +0 halberd!
The sleepcap releases spores at you.
You are engulfed in a cloud of soporific spores!
You fall asleep.
The wight hits you from afar with a +0 halberd!!!
You wake up.
Ouch! That really hurt!
* * * LOW HITPOINT WARNING * * *
You feel drained.
You die...

##.....# #.#...#...##
##(....# #.#####.###
##.....#######.#....f.#
.'...............>##..#
##.....#####.##...##.....
#.....#####'##...#...##.#
#########.......z.#.... #
..... #.....##f.#.#...
..... #.....##h.## .###
..... #.....###.....#
..... #...............
..... #........♣♣.♣♣..
#########.........♣.♣ .
#....##.......♣....
###.#...'.......♣♣. .♣
.##.#####.....#....
.##)............♣♣.


You could see a sleepcap and a wight.

Vanquished Creatures
  An ogre (D:5)
  A phantom (D:4)
  A scorpion (D:4)
  A wight (D:5)
  2 jellies
  3 hounds (D:4)
  An orc priest (D:3)
  3 iguanas
  3 gnolls (D:4)
  5 adders
  A ribbon worm (D:3)
  6 orcs
  6 endoplasms
  6 giant cockroaches
  6 hobgoblins
  3 jackals (D:3)
  6 kobolds
  4 quokkas
  12 ball pythons
  3 bats
  4 frilled lizards
  9 goblins
  4 rats
91 creatures vanquished.

Notes
Turn   | Place    | Note
-------+----------+-------------------------------------------
     0 | D:1      | Kenran the Oni Shapeshifter began the quest for the Orb.
     0 | D:1      | Reached XP level 1. HP: 19/19 MP: 1/1
    90 | D:1      | Reached skill level 3 in Unarmed Combat
   140 | D:1      | Reached XP level 2. HP: 27/27 MP: 2/2
   835 | D:2      | Reached XP level 3. HP: 16/33 MP: 3/3
  1113 | D:2      | Reached skill level 4 in Unarmed Combat
  1556 | D:3      | Found a white marble altar of Elyvilon.
  1595 | D:3      | Reached XP level 4. HP: 41/41 MP: 4/4
  1600 | D:3      | Found a faded altar of an unknown god.
  1650 | D:3      | Found a sacrificial altar of Ru.
  1773 | D:3      | Found a bloodstained altar of Trog.
  2054 | D:3      | Reached skill level 5 in Unarmed Combat
  2097 | D:3      | Reached XP level 5. HP: 45/48 MP: 5/5
  2278 | D:4      | Noticed a phantom
  2287 | D:4      | Killed a phantom
  2369 | D:4      | Reached XP level 6. HP: 46/55 MP: 6/6
  2415 | D:4      | Reached skill level 6 in Unarmed Combat
  2973 | D:4      | Found a glowing silver altar of Zin.
  3200 | D:4      | Found a sparkling altar of Nemelex Xobeh.
  3206 | D:4      | Reached XP level 7. HP: 47/70 MP: 7/7
  3233 | D:4      | Found a snail-covered altar of Cheibriados.
  3384 | D:5      | Entered Level 5 of the Dungeon
  3713 | D:5      | Reached skill level 7 in Unarmed Combat
  3743 | D:5      | Found a shimmering blue altar of Sif Muna.
  3811 | D:5      | Found a basalt altar of Yredelemnul.
  4105 | D:5      | Slain by a wight

Illustrated notes

Levels and vault maps discovered:
D:1:      lemuel_arrival_broad_hall, layout_basic
D:2:      layout_loops_cross, kennysheep_donut
D:3:      layout_rooms, elyvilon_altar_3, bloody_trog,
          nicolae_ru_sacrificial_ziggurat, basic_ecumenical_altar,
          minmay_fractal_squares_5
D:4:      layout_loops_cross, general_overflow_altar,
          mainiacjoe_overflow_alcove_1, mainiacjoe_overflow_paths,
          chequers_arboretum, nrook_loot_triangle
D:5:      layout_basic, mainiacjoe_overflow_catwalk,
          nicolae_sif_muna_condensation, mainiacjoe_overflow_small_starburst

Skill      XL: |  1  2  3  4  5  6  7 |
---------------+----------------------+-----
Unarmed Combat | 3 4 5 6 7 |  7.3
Dodging        | 2 |  2.0
Fighting       | 4 |  4.0
Shapeshifting  | |  3.0

Action                     |  1- 3 |  4- 6 |  7- 9 || total
---------------------------+-------+-------+-------++-------
  Melee: Unarmed           |    86 |   126 |    24 ||   236
         Headbutt          |     7 |    16 |     5 ||    28
         Punch             |     2 |     5 |     2 ||     9
  Evoke: Wand              |       |       |     2 ||     2
    Use: Scroll            |     2 |     1 |       ||     3
         Potion            |       |     2 |       ||     2
 Armour: Animal skin       |    53 |    90 |    27 ||   170
  Dodge: Dodged            |    30 |    50 |    10 ||    90
